MLB
CHICAGO WHITE SOX @ TEXAS RANGERS
06/30/2018
 
TOP OF THE 1ST
Chicago White Sox batting - Pitching for Texas Rangers : RHP Matt Shoemaker
Pitching: RHP Matt Shoemaker
Batting: LHB Michael Brantley 0-0: Foul Ball, location: 2F
0-1: Foul Ball, location: 2F
0-2: Ball
1-2: Strikes out looking
Batting: LHB Corey Seager 0-0: Ball
1-0: Fly out, F8 (Flyball, 8RXD)
Batting: LHB Charlie Blackmon 0-0: Called Strike
0-1: Fly out, F4 (Popup, 4)
Top of the 1st over - 0 runs, 0 hits, 0 errors, 0 left on base; Chicago 0 - Texas 0
BOTTOM OF THE 1ST
Texas Rangers batting - Pitching for Chicago White Sox : RHP Brad Peacock
Pitching: RHP Brad Peacock
Batting: LHB Ender Inciarte 0-0: Swinging Strike
0-1: Ball
1-1: Called Strike
1-2: Strikes out looking
Batting: RHB Andrelton Simmons 0-0: Called Strike
0-1: SINGLE (Groundball, 56)
Batting: LHB Bryce Harper 0-0: Ball
1-0: Ball
2-0: Ball
3-0: Called Strike
3-1: Base on Balls
Andrelton Simmons to second
Batting: LHB Eric Thames 0-0: Ball
1-0: Called Strike
1-1: Ball
2-1: Foul Ball, location: 2F
2-2: SINGLE (Groundball, 34D)
Andrelton Simmons to third
Bryce Harper to second
Runner from 3rd tries for Home, SAFE, no throw by RF
Batting: SHB Jeimer Candelario 0-0: Ball
1-0: Swinging Strike
1-1: Ball
2-1: Called Strike
2-2: Fielders Choice at 2nd, 4-6 (Groundball, 4)
Bryce Harper to third
Batting: LHB Joc Pederson 0-0: Ball
1-0: Swinging Strike
1-1: Fly out, F9 (Flyball, 9)
Bottom of the 1st over - 1 run, 2 hits, 0 errors, 2 left on base; Chicago 0 - Texas 1
TOP OF THE 2ND
Chicago White Sox batting - Pitching for Texas Rangers : RHP Matt Shoemaker
Batting: RHB J.D. Martinez 0-0: Ball
1-0: Ball
2-0: Ball
3-0: Called Strike
3-1: Called Strike
3-2: Base on Balls
Batting: LHB Daniel Murphy 0-0: Foul Ball, location: 2F
0-1: SINGLE (Groundball, 56D)
J.D. Martinez to second
Batting: RHB Justin Turner 0-0: Called Strike
0-1: Ball
1-1: Foul Ball, location: 2F
1-2: Ball
2-2: Strikes out swinging
Batting: RHB Jonathan Lucroy 0-0: Ball
1-0: Ball
2-0: Ball
3-0: Called Strike
3-1: Base on Balls
J.D. Martinez to third
Daniel Murphy to second
Batting: LHB Brandon Belt 0-0: Grounds into double play, 4-6-3 (Groundball, 4)
Top of the 2nd over - 0 runs, 1 hit, 0 errors, 2 left on base; Chicago 0 - Texas 1
BOTTOM OF THE 2ND
Texas Rangers batting - Pitching for Chicago White Sox : RHP Brad Peacock
Batting: SHB Matt Wieters 0-0: Called Strike
0-1: Foul Ball, location: 2F
0-2: Ground out 4-3 (Groundball, 4)
Batting: SHB Asdrubal Cabrera 0-0: Ball
1-0: Swinging Strike
1-1: Foul Ball, location: 2F
1-2: Foul Ball, location: 2F
1-2: Ball
2-2: Ground out U3 (Groundball, 34)
Batting: SHB Breyvic Valera 0-0: Bunt for hit to 23 - play at first, batter safe!
Batting: LHB Ender Inciarte 0-0: Swinging Strike
0-1: Ball
1-1: Ground out 1-3 (Groundball, 13)
Bottom of the 2nd over - 0 runs, 1 hit, 0 errors, 1 left on base; Chicago 0 - Texas 1
TOP OF THE 3RD
Chicago White Sox batting - Pitching for Texas Rangers : RHP Matt Shoemaker
Batting: LHB Marco Hernandez 0-0: Fly out, F7 (Flyball, 78S)
Batting: LHB Michael Brantley 0-0: SINGLE (Line Drive, 6M)
Batting: LHB Corey Seager 0-0: Ball
1-0: Swinging Strike
1-1: Called Strike
1-2: Foul Ball, location: 2F
1-2: SINGLE (Flyball, 8LS)
Michael Brantley to second
Throwing error, E8
Michael Brantley scores
Corey Seager to second
Batting: LHB Charlie Blackmon 0-0: Ball
1-0: Ball
2-0: 2-RUN HOME RUN (Line Drive, 89XD), Distance : 411 ft
Batting: RHB J.D. Martinez 0-0: SINGLE (Groundball, 6MD)
Batting: LHB Daniel Murphy 0-0: Ball
1-0: Ground out 5-3 (Groundball, 56S)
J.D. Martinez to second
Batting: RHB Justin Turner 0-0: Ball
1-0: Called Strike
1-1: Called Strike
1-2: Foul Ball, location: 2F
1-2: Ball
2-2: 2-RUN HOME RUN (Line Drive, 7D), Distance : 381 ft
Batting: RHB Jonathan Lucroy 0-0: Ball
1-0: Ball
2-0: Ground out 4-3 (Groundball, 4)
Top of the 3rd over - 5 runs, 5 hits, 1 error, 0 left on base; Chicago 5 - Texas 1
BOTTOM OF THE 3RD
Texas Rangers batting - Pitching for Chicago White Sox : RHP Brad Peacock
Batting: RHB Andrelton Simmons 0-0: Foul Ball, location: 2F
0-1: Ball
1-1: Ball
2-1: Ground out 6-3 (Groundball, 6)
Batting: LHB Bryce Harper 0-0: Foul Ball, location: 2F
0-1: Foul Ball, location: 2F
0-2: Ball
1-2: Ball
2-2: Ball
3-2: Foul Ball, location: 2F
3-2: Base on Balls
Batting: LHB Eric Thames 0-0: Ball
1-0: Fielders Choice at 2nd, 3-6 (Groundball, 3)
Batting: SHB Jeimer Candelario 0-0: Fly out, F5 (Popup, 56)
Bottom of the 3rd over - 0 runs, 0 hits, 0 errors, 1 left on base; Chicago 5 - Texas 1
TOP OF THE 4TH
Chicago White Sox batting - Pitching for Texas Rangers : RHP Matt Shoemaker
Batting: LHB Brandon Belt 0-0: Called Strike
0-1: Swinging Strike
0-2: Foul Ball, location: 2F
0-2: Ball
1-2: Ball
2-2: Ball
3-2: Strikes out swinging
Batting: LHB Marco Hernandez 0-0: Called Strike
0-1: Ball
1-1: Ground out 4-3 (Groundball, 4)
Batting: LHB Michael Brantley 0-0: Called Strike
0-1: Ground out 1-3 (Groundball, 34S)
Top of the 4th over - 0 runs, 0 hits, 0 errors, 0 left on base; Chicago 5 - Texas 1
BOTTOM OF THE 4TH
Texas Rangers batting - Pitching for Chicago White Sox : RHP Brad Peacock
Batting: LHB Joc Pederson 0-0: Ball
1-0: Ball
2-0: Foul Ball, location: 2F
2-1: Ball
3-1: Foul Ball, location: 2F
3-2: Foul Ball, location: 2F
3-2: Ground out U3 (Groundball, 3L)
Batting: SHB Matt Wieters 0-0: Called Strike
0-1: Ball
1-1: Ball
2-1: Foul Ball, location: 2F
2-2: Fly out, F9 (Flyball, 89M)
Batting: SHB Asdrubal Cabrera 0-0: Called Strike
0-1: Ball
1-1: Fly out, F6 (Popup, 6MS)
Bottom of the 4th over - 0 runs, 0 hits, 0 errors, 0 left on base; Chicago 5 - Texas 1
TOP OF THE 5TH
Chicago White Sox batting - Pitching for Texas Rangers : RHP Matt Shoemaker
Batting: LHB Corey Seager 0-0: Ball
1-0: Called Strike
1-1: Ball
2-1: Foul Ball, location: 2F
2-2: Fly out, F8 (Flyball, 8RD)
Batting: LHB Charlie Blackmon 0-0: Called Strike
0-1: Ball
1-1: Ground out 4-3 (Groundball, 4D)
Batting: RHB J.D. Martinez 0-0: Ball
1-0: Ball
2-0: Called Strike
2-1: Foul Ball, location: 2F
2-2: Foul Ball, location: 2F
2-2: SOLO HOME RUN (Flyball, 9D), Distance : 354 ft
Batting: LHB Daniel Murphy 0-0: Ground out 5-3 (Groundball, 5)
Top of the 5th over - 1 run, 1 hit, 0 errors, 0 left on base; Chicago 6 - Texas 1
BOTTOM OF THE 5TH
Texas Rangers batting - Pitching for Chicago White Sox : RHP Brad Peacock
Batting: SHB Breyvic Valera 0-0: Called Strike
0-1: Ball
1-1: Ball
2-1: Fly out, F8 (Line Drive, 8LD)
Batting: LHB Ender Inciarte 0-0: Foul Ball, location: 2F
0-1: Ball
1-1: Ball
2-1: Foul Ball, location: 2F
2-2: Ball
3-2: SINGLE (Line Drive, 6D)
Batting: RHB Andrelton Simmons 0-0: Called Strike
0-1: Swinging Strike
0-2: Ball
1-2: Strikes out swinging
Batting: LHB Bryce Harper 0-0: Ball
1-0: Ball
2-0: Called Strike
2-1: Ball
3-1: Base on Balls
Ender Inciarte to second
Batting: LHB Eric Thames 0-0: Called Strike
0-1: Foul Ball, location: 2F
0-2: Ball
1-2: Fly out, F8 (Flyball, 8LS)
Bottom of the 5th over - 0 runs, 1 hit, 0 errors, 2 left on base; Chicago 6 - Texas 1
TOP OF THE 6TH
Chicago White Sox batting - Pitching for Texas Rangers : RHP Matt Shoemaker
Pitching: RHP Kendall Graveman
Batting: RHB Justin Turner 0-0: Fly out, F4 (Popup, 13)
Batting: RHB Jonathan Lucroy 0-0: Called Strike
0-1: Foul Ball, location: 2F
0-2: Ball
1-2: Ball
2-2: Ball
3-2: Fly out, F7 (Flyball, 78M)
Batting: LHB Brandon Belt 0-0: Called Strike
0-1: Ball
1-1: DOUBLE (Line Drive, 8RXD)
Batting: LHB Marco Hernandez 0-0: Ground out 5-3 (Groundball, 5)
Top of the 6th over - 0 runs, 1 hit, 0 errors, 1 left on base; Chicago 6 - Texas 1
BOTTOM OF THE 6TH
Texas Rangers batting - Pitching for Chicago White Sox : RHP Brad Peacock
Pitching: LHP Brian Clark
Batting: SHB Jeimer Candelario 0-0: Ball
1-0: Ball
2-0: Foul Ball, location: 2F
2-1: Ball
3-1: Called Strike
3-2: Base on Balls
Batting: LHB Joc Pederson 0-0: Ball
1-0: Called Strike
1-1: Fly out, F8 (Line Drive, 8LM)
Batting: SHB Matt Wieters 0-0: Called Strike
0-1: Foul Ball, location: 2F
0-2: Foul Ball, location: 2F
0-2: Ball
Jeimer Candelario is caught stealing 2nd base 2-4
1-2: Strikes out swinging, 2-3 out at first.
Bottom of the 6th over - 0 runs, 0 hits, 0 errors, 0 left on base; Chicago 6 - Texas 1
TOP OF THE 7TH
Chicago White Sox batting - Pitching for Texas Rangers : RHP Kendall Graveman
Batting: LHB Michael Brantley 0-0: Called Strike
0-1: Fly out, F7 (Flyball, 7D)
Batting: LHB Corey Seager 0-0: Ball
1-0: Foul Ball, location: 2F
1-1: SINGLE (Groundball, 6MD)
Batting: LHB Charlie Blackmon 0-0: Ball
1-0: Hit by Pitch
Corey Seager to second
Batting: RHB J.D. Martinez 0-0: Ball
1-0: Foul Ball, location: 2F
1-1: Ball
2-1: Ball
3-1: Swinging Strike
3-2: Strikes out swinging
Batting: LHB Daniel Murphy 0-0: Called Strike
0-1: DOUBLE (Flyball, 89D)
Corey Seager scores
Charlie Blackmon to third
Runner from 3rd tries for Home, SAFE, no throw by CF
Pinch Hitting: RHB Brandon Phillips 0-0: Fly out, F9 (Flyball, 9S)
Top of the 7th over - 2 runs, 2 hits, 0 errors, 1 left on base; Chicago 8 - Texas 1
BOTTOM OF THE 7TH
Texas Rangers batting - Pitching for Chicago White Sox : LHP Brian Clark
Now at 2B: Brandon Phillips
Batting: SHB Asdrubal Cabrera 0-0: Ball
1-0: Ball
2-0: Ball
3-0: Called Strike
3-1: Reached on error, E6 (Groundball, 6)
Batting: SHB Breyvic Valera 0-0: Foul Ball, location: 2F
0-1: Ball
1-1: Ball
2-1: Ground out 6-3 (Groundball, 4MS)
Asdrubal Cabrera to second
Batting: LHB Ender Inciarte 0-0: Ground out 5-3 (Groundball, 56)
Batting: RHB Andrelton Simmons 0-0: Ground out 6-3 (Groundball, 6S)
Bottom of the 7th over - 0 runs, 0 hits, 1 error, 1 left on base; Chicago 8 - Texas 1
TOP OF THE 8TH
Chicago White Sox batting - Pitching for Texas Rangers : RHP Kendall Graveman
Batting: RHB Jonathan Lucroy 0-0: Ball
1-0: Ball
2-0: Ground out 4-3 (Groundball, 4)
Batting: LHB Brandon Belt 0-0: Ground out 4-3 (Groundball, 34D)
Batting: LHB Marco Hernandez 0-0: Ball
1-0: SINGLE (Flyball, 9LS)
Batting: LHB Michael Brantley 0-0: Called Strike
0-1: Ball
1-1: Fly out, F8 (Line Drive, 8RM)
Top of the 8th over - 0 runs, 1 hit, 0 errors, 1 left on base; Chicago 8 - Texas 1
BOTTOM OF THE 8TH
Texas Rangers batting - Pitching for Chicago White Sox : LHP Brian Clark
Now in RF: Andrew Toles
Batting: LHB Bryce Harper 0-0: Ball
1-0: Foul Ball, location: 2F
1-1: Foul Ball, location: 2F
1-2: Foul Ball, location: 2F
1-2: Strikes out looking
Batting: LHB Eric Thames 0-0: Ball
1-0: Called Strike
1-1: Ball
2-1: Foul Ball, location: 2F
2-2: Strikes out looking
Batting: SHB Jeimer Candelario 0-0: Ball
1-0: Foul Ball, location: 2F
1-1: Fly out, F9 (Line Drive, 9D)
Bottom of the 8th over - 0 runs, 0 hits, 0 errors, 0 left on base; Chicago 8 - Texas 1
TOP OF THE 9TH
Chicago White Sox batting - Pitching for Texas Rangers : RHP Kendall Graveman
Pitching: RHP Anthony Swarzak
Batting: LHB Corey Seager 0-0: Called Strike
0-1: Ball
1-1: Called Strike
1-2: Foul Ball, location: 2F
1-2: Ball
2-2: Ball
3-2: Strikes out swinging
Batting: LHB Charlie Blackmon 0-0: Foul Ball, location: 2F
0-1: Ground out U3 (Groundball, 34)
Batting: RHB J.D. Martinez 0-0: DOUBLE (Line Drive, 7LD)
Batting: LHB Daniel Murphy 0-0: Ball
1-0: Foul Ball, location: 2F
1-1: Ball
2-1: Ball
3-1: Foul Ball, location: 2F
3-2: Base on Balls
Batting: RHB Brandon Phillips 0-0: Swinging Strike
0-1: Ball
1-1: Ground out 1-3 (Groundball, 13)
Top of the 9th over - 0 runs, 1 hit, 0 errors, 2 left on base; Chicago 8 - Texas 1
BOTTOM OF THE 9TH
Texas Rangers batting - Pitching for Chicago White Sox : LHP Brian Clark
Pitching: LHP Jared Miller
Batting: LHB Joc Pederson 0-0: Called Strike
0-1: Foul Ball, location: 2F
0-2: Fly out, F7 (Flyball, 7LS)
Batting: SHB Matt Wieters 0-0: Called Strike
0-1: Foul Ball, location: 2F
0-2: Strikes out swinging
Batting: SHB Asdrubal Cabrera 0-0: Called Strike
0-1: Called Strike
0-2: Foul Ball, location: 2F
0-2: Fly out, F7 (Flyball, 78S)
Bottom of the 9th over - 0 runs, 0 hits, 0 errors, 0 left on base; Chicago 8 - Texas 1
Monday, September 3rd, 2018 - OOTP Baseball 19.8 Build 79